 Dungeon Crawl Stone Soup version 0.25-a0-558-g78a2afb0af (webtiles) character file.

Game seed: 13680469406812530565, levelgen mode: classic

5914 EnegeticOcto the Cleaver (level 10, -1/96 HPs)
             Began as a Deep Dwarf Fighter on Feb 24, 2020.
             Was a Priest of Makhleb.
             Succumbed to a soldier ant's poison
             ... on level 9 of the Dungeon.
             The game lasted 00:03:58 (5168 turns).

EnegeticOcto the Cleaver (Deep Dwarf Fighter)       Turns: 5168, Time: 00:03:58

Health: -1/96      AC: 19    Str: 22    XL:     10   Next: 53%
Magic:  10/10      EV:  8    Int: 10    God:    Makhleb [***...]
Gold:   404        SH: 13    Dex: 15    Spells: 9/9 levels left

rFire    . . .     SeeInvis .   a - +0 broad axe
rCold    . . .     Gourm    .   c - +0 kite shield
rNeg     . . .     Faith    .   h - +0 plate armour
rPois    .         Spirit   .   v - +1 hat
rElec    .         Reflect  +   l - +0 cloak
rCorr    .         Harm     .   g - +0 pair of gloves
MR       +....                  i - +1 pair of boots
Stlth    ..........             t - +2 amulet of reflection
HPRegen  0.00/turn              s - +3 ring of dexterity
MPRegen  0.12/turn              (no ring)

@: lethally poisoned (-1 -> -94), marked, non-regenerating
A: damage resistance, heal wounds, sense surroundings 2, no regeneration
a: Heal Wounds, Minor Destruction, Lesser Servant of Makhleb, Renounce Religion


You were on level 9 of the Dungeon.
You worshipped Makhleb.
Makhleb was most pleased with you.
You were not hungry.

You visited 2 branches of the dungeon, and saw 10 of its levels.

You collected 404 gold pieces.

Inventory:

Hand Weapons
 a - a +0 broad axe (weapon)
 p - a +1 war axe
Armour
 c - a +0 kite shield (worn)
 g - a +0 pair of gloves (worn)
 h - a +0 plate armour (worn)
 i - a +1 pair of boots (worn)
 l - a +0 cloak (worn)
 v - a +1 hat (worn)
Jewellery
 s - a +3 ring of dexterity (left hand)
 t - a +2 amulet of reflection (around neck)
Wands
 n - a wand of digging (7) {@v2}
Scrolls
 b - a scroll of immolation {@r4}
 d - 3 scrolls of blinking {@r3}
 j - 4 scrolls of teleportation {@r2}
 w - a scroll of fog
Potions
 f - 3 potions of heal wounds {unknown}
 k - a potion of might {@q3}
 m - a potion of cancellation
 o - a potion of stabbing {unknown}
 q - a potion of berserk rage
 r - 2 potions of invisibility
 u - 2 potions of flight {unknown}
 z - a potion of resistance {unknown}
Comestibles
 e - 8 rations
 x - 6 chunks of flesh


   Skills:
 * Level 7.7 Fighting
 * Level 8.8 Axes
 + Level 6.8 Armour
 + Level 6.0 Dodging
 + Level 6.9 Shields
 * Level 8.1 Invocations


You had 9 spell levels left.
You didn't know any spells.
Your spell library was empty.

Dungeon Overview and Level Annotations

Branches:
Dungeon (9/15)             Temple (1/1) D:5             Orc (0/2) D:9
   Lair: D:8-11

Altars:
Dithmenos
Hepliaklqana
Kikubaaqudgha
Makhleb
Sif Muna
Uskayaw
Wu Jian
Zin


Innate Abilities, Weirdness & Mutations

You are resistant to damage.
You can heal yourself by infusing magical energy.
You passively map the area around you.
You do not regenerate.


Message History

Your plate armour prevents you from hitting the queen ant.
Your shield and plate armour prevent you from hitting the soldier ant.
You hit the soldier ant.
The soldier ant stings you but does no damage.
The queen ant stings you!
You are more poisoned.
The queen ant poisons you! You block the worker ant's attack.
The soldier ant stings you.
You slash the soldier ant!
The soldier ant is heavily wounded.
You hit the soldier ant.
Your plate armour prevents you from hitting the worker ant.
You hit the queen ant but do no damage.
You feel very sick. The soldier ant barely misses you.
The queen ant stings you but does no damage.
You block the worker ant's attack.
A worker ant comes into view.
The soldier ant stings you. The soldier ant barely misses you.
Your shield and plate armour prevent you from hitting the soldier ant.
The soldier ant is heavily wounded.
You hit the soldier ant but do no damage.
You hit the worker ant. You slash the queen ant!
You feel very sick.
The worker ant bites you but does no damage.
You block the queen ant's attack. The soldier ant barely misses you.
The soldier ant stings you.
You are lethally poisoned!
The soldier ant poisons you! You block the worker ant's attack.
The queen ant stings you!
You slash the soldier ant!
You kill the soldier ant!
Makhleb accepts your kill.
You feel better.
Your Dodging skill increases to level 6!
You hit the soldier ant. You hit the worker ant. You hit the queen ant.
You feel extremely sick. The soldier ant barely misses you.
You block the worker ant's attack.
The queen ant stings you but does no damage.
You block the hound's attack.
You slash the hound!
You kill the hound!
Makhleb accepts your kill.
You closely miss the soldier ant. You slash the worker ant!
You hit the queen ant but do no damage.
You feel very sick. The soldier ant barely misses you.
The worker ant bites you but does no damage.
The queen ant stings you but does no damage.
You slash the worker ant!
You kill the worker ant!
Makhleb accepts your kill.
You hit the queen ant but do no damage. You barely miss the soldier ant.
You closely miss the soldier ant.
You feel very sick. The soldier ant barely misses you.
You block the soldier ant's attack. x2
Your plate armour prevents you from hitting the queen ant.
The queen ant is moderately wounded.
You hit the soldier ant. x2
You hit the soldier ant but do no damage.
You feel very sick.
You block the soldier ant's attack. x2; The queen ant stings you.
You are more poisoned.
The queen ant poisons you! The soldier ant stings you.
You are more poisoned.
The soldier ant poisons you! You block the soldier ant's attack.
You are too injured to fight recklessly!
You are too injured to fight recklessly!
You are too injured to fight recklessly!
You are too injured to fight recklessly!
You are too injured to fight recklessly!
You are too injured to fight recklessly!
You hit the queen ant.
The queen ant is moderately wounded.
You slash the soldier ant! You hit the soldier ant.
You closely miss the soldier ant.
Your plate armour prevents you from hitting the soldier ant.
* * * LOW HITPOINT WARNING * * *
You feel extremely sick. The soldier ant stings you.
The soldier ant misses you. The queen ant closely misses you.
You block the soldier ant's attack. x2
The soldier ant barely misses you.
The soldier ant stings you but does no damage.
The queen ant stings you.
* * * LOW HITPOINT WARNING * * *
You slash the queen ant!
The queen ant is heavily wounded.
You slash the soldier ant! You hit the soldier ant. x3
* * * LOW HITPOINT WARNING * * *
You feel extremely sick. The soldier ant completely misses you.
The soldier ant waves its antennae.
You block the soldier ant's attack. x2; The soldier ant stings you.
The queen ant stings you!
* * * LOW HITPOINT WARNING * * *
You slash the queen ant!
The queen ant is severely wounded.
You completely miss the soldier ant. You slash the soldier ant! x2
You hit the soldier ant.
You die...

...##.......#
#.###..# #.#####.#
...##.......# #.#
#..###.......#
...##.......# #.#
#...).....<..#
...##.......# #.#
#............#
...##.......# #.#
#..###.#######
............# #.#
#..# #.#
............####.#
#..# #.#
............##.aa#
#..# #.#
............##aa@#
#..# #.#
....).......##aaa#
#..# #.#
............##aaa#
#..# #.#
..........###aa#aa
##.# #.#
.........##aaa###aa
### #.#
.........#...a aa *
#.# ........###..
aa #.#
.......##*..# ,*
a#. #.# ......## *
* * , #.#


You could see a queen ant, 6 soldier ants and 17 worker ants.

Vanquished Creatures
  A two-headed ogre (D:9)
  A hippogriff (D:8)
  Grinder (D:5)
  A wyvern (D:9)
  4 hogs (D:7)
  A human (D:7)
  A hungry ghost (D:9)
  A soldier ant (D:9)
  A black bear (D:6)
  3 ice beasts
  2 ogres
  An orc warrior (D:8)
  A phantom (D:9)
  A necrophage (D:6)
  2 sky beasts
  A centaur (D:2)
  A crocodile (D:8)
  3 big kobolds
  7 bullfrogs
  A water moccasin skeleton (D:5)
  5 scorpions
  3 killer bees (D:8)
  4 howler monkeys
  A crimson imp (D:6)
  A bullfrog zombie (D:9)
  A quasit (D:8)
  2 centaur zombies
  A bullfrog skeleton (D:9)
  6 hounds
  3 jellies
  6 orc priests
  7 orc wizards
  3 iguanas
  14 worker ants
  3 hound skeletons
  Robin (D:4)
  A howler monkey skeleton (D:9)
  4 adders
  2 oozes
  An adder zombie (D:9)
  2 worms (D:2)
  2 adder skeletons (D:5)
  A dart slug (D:3)
  6 leopard geckos
  13 orcs
  3 giant cockroaches
  2 hobgoblins (D:4)
  4 jackals (D:4)
  2 quokkas (D:5)
  2 frilled lizards (D:2)
  8 goblins (D:4)
  19 kobolds
  A leopard gecko skeleton (D:6)
  A leopard gecko zombie (D:8)
  2 rats
172 creatures vanquished.

Notes
Turn   | Place    | Note
-------+----------+-------------------------------------------
     0 | D:1      | EnegeticOcto the Deep Dwarf Fighter began the quest for the
                  | Orb.
     0 | D:1      | Reached XP level 1. HP: 20/20 MP: 1/1
   173 | D:2      | Reached XP level 2. HP: 27/27 MP: 2/2
   195 | D:2      | Noticed a centaur
   205 | D:2      | Killed a centaur
   205 | D:2      | Reached skill level 1 in Dodging
   205 | D:2      | Reached XP level 3. HP: 25/34 MP: 3/3
   205 | D:2      | Reached XP level 4. HP: 31/42 MP: 4/4
   362 | D:4      | Noticed an ogre
   397 | D:4      | Killed an ogre
   397 | D:4      | Reached XP level 5. HP: 48/50 MP: 3/3
   670 | D:4      | Reached XP level 6. HP: 37/57 MP: 4/4
   803 | D:4      | Found a shimmering blue altar of Sif Muna.
   891 | D:4      | Noticed Robin
   905 | D:4      | Killed Robin
  1171 | D:5      | Entered Level 5 of the Dungeon
  1200 | D:5      | Reached XP level 7. HP: 44/66 MP: 5/5
  1242 | D:5      | Noticed Grinder
  1257 | D:5      | Killed Grinder
  1257 | D:5      | Reached skill level 5 in Axes
  1263 | D:5      | Found a staircase to the Ecumenical Temple.
  1311 | D:5      | Reached skill level 5 in Fighting
  1356 | Temple   | Entered the Ecumenical Temple
  1361 | Temple   | Became a worshipper of Makhleb the Destroyer
  1513 | D:5      | Reached skill level 5 in Shields
  1650 | D:5      | Reached skill level 1 in Invocations
  2005 | D:6      | Reached XP level 8. HP: 39/74 MP: 6/6
  2015 | D:6      | Reached skill level 5 in Armour
  2092 | D:6      | You fall into a shaft and drop 2 floors!
  2214 | D:8      | Reached * piety under Makhleb
  3064 | D:6      | Gained mutation: You passively map the area around you.
                  | [Deep Dwarf growth]
  3064 | D:6      | Reached XP level 9. HP: 51/82 MP: 7/7
  3366 | D:7      | Reached skill level 5 in Invocations
  3670 | D:8      | Reached skill level 5 in Dodging
  3680 | D:8      | Found a hazy altar of Hepliaklqana.
  3683 | D:8      | Reached ** piety under Makhleb
  4075 | D:8      | Reached XP level 10. HP: 53/94 MP: 10/10
  4512 | D:9      | Reached *** piety under Makhleb
  4533 | D:9      | Noticed a two-headed ogre
  4557 | D:9      | Killed a two-headed ogre
  4779 | D:9      | Found a staircase to the Orcish Mines.
  5151 | D:9      | Noticed a queen ant
  5168 | D:9      | Succumbed to a soldier ant's poison

Levels and vault maps discovered:
D:1:      minmay_arrival_jagged, layout_basic, hex_tiny
D:2:      layout_basic
D:3:      layout_rooms, first_ration, serial_rivers,
          chequers_serial_rivers_small_a, chequers_serial_rivers_small_a,
          chequers_serial_rivers_large_a, chequers_serial_rivers_marsh,
          uniq_terence
D:4:      layout_basic, led_sif_book, uniq_robin
D:5:      layout_basic, temple_statues, uniq_grinder
D:6:      layout_gridville
D:7:      layout_gridville, grunt_livestock
D:8:      layout_cave_pods, lemuel_round_altar
D:9:      cheibrodos_elevator_heist, layout_long_grid, orc_0_dummy,
          zaba_antful_of_joy
Temple:   nicolae_temple_the_god_donut

Skill      XL: |  1  2  3  4  5  6  7  8  9 10 |
---------------+-------------------------------+-----
Fighting       | 3 4 5 6 7 |  7.7
Axes           | 3 4 5 6 8 |  8.8
Dodging        | 1 2 3 4 5 6 |  6.0
Armour         | 4 5 6 |  6.8
Shields        | 4 5 6 |  6.9
Invocations    | 1 4 6 8 |  8.1

Action                   |  1- 3 |  4- 6 |  7- 9 | 10-12 || total
-------------------------+-------+-------+-------+-------++-------
Melee: War axe           |    26 |   120 |   168 |       ||   314
       Broad axe         |       |       |   294 |   188 ||   482
 Abil: Heal Wounds       |       |     6 |     9 |     8 ||    23
  Use: Scroll            |       |     7 |     3 |     2 ||    12
       Potion            |       |     1 |       |       ||     1
  Eat: Chunk             |       |     1 |    11 |     2 ||    14
       Ration            |       |       |       |     5 ||     5
Armor: Scale mail        |    11 |    41 |    56 |       ||   108
       Plate armour      |       |       |   251 |   132 ||   383
Dodge: Dodged            |     4 |    37 |   181 |    52 ||   274
Block: Kite shield       |    15 |    61 |   347 |   163 ||   586
       Reflection        |       |       |     3 |     1 ||     4

Table legend:
 A = Non-vault XP
 B = Vault XP
 C = Vault XP percentage of total XP
 D = Non-vault monster count
 E = Vault monster count
 F = Vault count percentage of total count
                 A         B        C        D         E       F
            +---------+---------+-------+---------+---------+-------
      Total |    6816 |    1633 |  19.3 |     149 |      23 |  13.4
            +---------+---------+-------+---------+---------+-------
        D:1 |       2 |       0 |   0.0 |       2 |       0 |   0.0
        D:2 |     140 |       0 |   0.0 |       9 |       0 |   0.0
        D:3 |       7 |       0 |   0.0 |       3 |       0 |   0.0
        D:4 |     294 |     113 |  27.8 |      12 |      13 |  52.0
        D:5 |     529 |     267 |  33.5 |      18 |       1 |   5.3
        D:6 |    1126 |       0 |   0.0 |      21 |       0 |   0.0
        D:7 |     264 |     992 |  79.0 |       7 |       5 |  41.7
        D:8 |    2080 |       0 |   0.0 |      49 |       0 |   0.0
        D:9 |    2374 |     261 |   9.9 |      28 |       4 |  12.5
            +---------+---------+-------+---------+---------+-------
